 Dungeon Crawl Stone Soup version 0.31-a0-716-gc7603755dd (webtiles) character file.

Game seed: 7059222549118694593

1017 Gargoyl the Chopper (level 8, 0/73 HPs)
             Began as a Gargoyle Berserker on Sept 10, 2023.
             Was a Believer of Trog.
             Shot with an arrow by a centaur (2 damage)
             ... on level 6 of the Dungeon on Sept 11, 2023.
             The game lasted 00:06:18 (4422 turns).

Gargoyl the Chopper (Gargoyle Berserker)            Turns: 4422, Time: 00:06:19

Health: 0/73       AC: 21    Str: 21    XL:     8   Next: 22%
Magic:  8/8        EV: 14    Int:  8    God:    Trog [**....]
Gold:   204        SH:  0    Dex: 11    Spells: 7/7 levels left

rFire   + . .        a - +0 hand axe
rCold   . . .        (no shield)
rNeg    + . .        w - +0 chain mail
rPois   ∞            r - +1 helmet
rElec   +            u - +2 cloak
rCorr   .            k - +1 pair of gloves
SInv    .            (no boots)
Will    ++...        (no amulet) Stlth
                     c - ring of protection from fire
HPRegen 1.32/turn    p - +5 ring of evasion
MPRegen 0.11/turn

%: no passive effects
@: berserking (expiring), strong-willed (expiring), regenerating (expiring),
very quick
A: sickness immunity, AC +5, negative energy resistance 1, electricity
resistance, torment resistance 1, petrification resistance
a: Renounce Religion, Berserk, Trog's Hand


You were on level 6 of the Dungeon.
You worshipped Trog.
Trog was pleased with you.
You visited 1 branch of the dungeon, and saw 6 of its levels.

You collected 204 gold pieces.

Inventory:

Hand Weapons
 a - a +0 hand axe (weapon)
Missiles
 e - 10 poisoned darts (quivered)
Armour
 k - a +1 pair of gloves (worn)
 r - a +1 helmet (worn)
 u - a +2 cloak (worn)
 w - a +0 chain mail (worn)
Jewellery
 c - a ring of protection from fire (left hand)
 p - a +5 ring of evasion (right hand)
 q - an amulet of guardian spirit
 x - an amulet of the acrobat
Wands
 d - a wand of roots (12)
Scrolls
 b - a scroll of identify
 f - a scroll of fear
 i - a scroll of teleportation
 v - 2 scrolls of immolation
 y - a scroll of blinking {unknown}
Potions
 g - 2 potions of invisibility
 h - a potion of degeneration {unknown}
 j - 3 potions of curing {unknown}
 l - a potion of lignification {unknown}
 m - a potion of haste {unknown}
 n - 2 potions of resistance {unknown}
 o - 2 potions of attraction
 s - a potion of brilliance {unknown}
 t - a potion of heal wounds {unknown}


   Skills:
 + Level 5.0 Fighting
 + Level 6.6 Axes
 + Level 2.5 Armour
 + Level 4.2 Dodging
 + Level 2.2 Stealth


You had 7 spell levels left.
You didn't know any spells.
Your spell library was empty.

Dungeon Overview and Level Annotations

Branches:
Dungeon (6/15)             Temple (0/1) D:4

Altars:
Ashenzari
Sif Muna
Wu Jian
Yredelemnul

Shops:
D:5 :


Innate Abilities, Weirdness & Mutations

You are immune to sickness and miasma.
Your stone body is resilient. (AC +5)
You are immune to poison.
You resist negative energy. (rN+)
You are resistant to electric shocks. (rElec)
You are resistant to unholy torment.
You are immune to petrification.


Message History

The boulder beetle is lightly wounded.
You hit the white imp.
Unknown command.
You completely miss the boulder beetle.
The boulder beetle is lightly wounded.
You barely miss the white imp. The boulder beetle barely misses you.
A jelly comes into view.
The white imp gestures at you.
The puff of frost hits you but does no damage.
Unknown command.
You hit the boulder beetle but do no damage.
The boulder beetle is lightly wounded.
You closely miss the white imp. The boulder beetle bites you!
The white imp misses you.
Unknown command.
You hit the boulder beetle.
The boulder beetle is lightly wounded.
You hit the white imp.
You feel the effects of Trog's Hand fading.
An adder comes into view.
The centaur shoots an arrow.
The arrow hits you but does no damage.
Unknown command.
The adder hisses angrily.
You hit the white imp.
The white imp is severely wounded.
You hit the boulder beetle. The boulder beetle bites you!
* * * LOW HITPOINT WARNING * * *
The white imp barely misses you.
Unknown command.
You slash the white imp!
You kill the white imp!
Trog accepts your kill.
You hit the boulder beetle but do no damage.
The centaur shoots an arrow.
The arrow hits you but does no damage. The boulder beetle closely misses you.
The orc priest calls down the wrath of Beogh upon you.
Beogh smites you!
* * * LOW HITPOINT WARNING * * *
The centaur shoots an arrow.
The arrow hits you.
You die...

..#... #. .#...# #. #...
.S... ##.# #.. #...#.
###.. #..#5so#... #...#
#.#ool#...# #...#
#..#BJ.#.. #...#
##..@#...#.
##...#######....Y.S....
##...........)..#c..###.
#...........).....###
....##............#
...######.........# ..##
####.###..# ..# ### #.#
.#### .#


You could see a boulder beetle, an ice beast, a centaur, a scorpion, an iguana,
a jelly, an orc priest, 2 adders, a shadow imp and an orc.

Vanquished Creatures
  A water moccasin (D:5)
  3 ogres
  2 phantoms (D:5)
  A scorpion (D:6)
  3 jellies (D:5)
  A bullfrog zombie (D:5)
  A gnoll bouda (D:3)
  2 hounds
  An iguana (D:6)
  An orc wizard (D:6)
  A killer bee zombie (D:5)
  4 gnolls (D:3)
  6 adders
  A white imp (D:6)
  11 orcs
  6 endoplasms
  5 giant cockroaches
  4 goblins
  9 hobgoblins
  5 jackals (D:2)
  5 quokkas
  4 ball pythons
  5 bats
  3 frilled lizards
  7 kobolds
  2 rats (D:1)
94 creatures vanquished.

Notes
Turn   | Place    | Note
-------+----------+-------------------------------------------
     0 | D:1      | Gargoyl the Gargoyle Berserker began the quest for the Orb.
     0 | D:1      | Reached XP level 1. HP: 14/14 MP: 1/1
   192 | D:1      | Reached XP level 2. HP: 19/19 MP: 2/2
   231 | D:1      | Reached skill level 3 in Axes
   787 | D:2      | Reached ** piety under Trog
   788 | D:2      | Reached XP level 3. HP: 15/24 MP: 3/3
  1391 | D:3      | Reached XP level 4. HP: 29/29 MP: 4/4
  1584 | D:3      | Reached skill level 4 in Axes
  1584 | D:3      | Reached XP level 5. HP: 14/33 MP: 5/5
  2204 | D:4      | Noticed an ogre
  2215 | D:4      | Killed an ogre
  2330 | D:4      | Reached XP level 6. HP: 38/38 MP: 6/6
  2338 | D:4      | Found a staircase to the Ecumenical Temple.
  2454 | D:4      | Reached skill level 1 in Stealth
  2865 | D:4      | Found an ornate altar of the Wu Jian Council.
  2876 | D:4      | Reached skill level 5 in Axes
  3162 | D:5      | Entered Level 5 of the Dungeon
  3230 | D:5      | Reached XP level 7. HP: 44/44 MP: 7/7
  3309 | D:5      | Found Usia's Book Boutique.
  3542 | D:5      | Reached skill level 6 in Axes
  3558 | D:5      | Reached skill level 5 in Fighting
  3900 | D:5      | Reached XP level 8. HP: 37/49 MP: 8/8
  3918 | D:5      | Found a basalt altar of Yredelemnul.
  4195 | D:5      | Found a shimmering blue altar of Sif Muna.
  4312 | D:6      | Found a broken altar of Ashenzari.
  4405 | D:6      | Noticed a boulder beetle
  4422 | D:6      | HP: 2/73 [orc priest/divine providence (11)]
  4422 | D:6      | Shot with an arrow by a centaur

Illustrated notes

Levels and vault maps discovered:
D:1:      spicycebolla_arrival_xxxplode, layout_loops_cross, due_unseen_surprise
D:2:      layout_rooms, minmay_misc_feat_diagonals,
          nicolae_concentric_dashed_squares_wild
D:3:      layout_loops_ring, kennysheep_cross_room
D:4:      layout_loops_corners, marbit_many_paths, minmay_temple_entry_trees
D:5:      layout_loops_ring, lemuel_zombie_altar_yredelemnul,
          nicolae_sif_muna_little_library, serial_shops, shop,
          nicolae_ossuary_entry_plus, grunt_ministairs_9
D:6:      cheibrodos_fzero, layout_layer_cave, kennysheep_mini_moat,
          lemuel_crystal_altar, serial_shops, nicolae_shop_real_fake_doors,
          centaur_isle

Skill      XL: |  1  2  3  4  5  6  7  8 |
---------------+-------------------------+-----
Axes           | 3 4 5 6 |  6.6
Dodging        | 2 3 4 |  4.2
Fighting       | 4 5 |  5.0
Stealth        | 1 2 |  2.2
Armour         | |  2.5

Action                     |  1- 3 |  4- 6 |  7- 9 || total
---------------------------+-------+-------+-------++-------
  Melee: Hand axe          |    93 |   159 |   149 ||   401
         Punch             |     1 |     1 |     2 ||     4
 Invoke: Berserk           |     1 |     4 |     4 ||     9
         Trog's Hand       |       |     5 |     2 ||     7
    Use: Scroll            |     5 |     3 |     1 ||     9
   Stab: Sleeping          |       |     2 |       ||     2
 Armour: Animal skin       |    80 |    68 |     5 ||   153
         Chain mail        |       |       |    80 ||    80
  Dodge: Dodged            |    84 |   143 |   101 ||   328

Table legend: (Time is in decaauts)
 A = Elapsed time spent in this place.
 B = Non-inter-level travel time spent in this place.
 C = Inter-level travel time spent in this place.
 D = Time resting spent in this place.
 E = Time spent auto-exploring this place.
 F = Levels seen in this place.
 G = Mean time per level.
                   A        B        C        D        E       F      G
               +--------+--------+--------+--------+--------+-----+--------+
         Total |   4517 |   4349 |    168 |    244 |   2944 |   6 |  752.8 |
       Dungeon |   4517 |   4349 |    168 |    244 |   2944 |   6 |  752.8 |
               +--------+--------+--------+--------+--------+-----+--------+

Top non-repeatable levels by time:
     D:5: 1142 daAuts
     D:4: 1098 daAuts
     D:3: 834 daAuts
     D:1: 783 daAuts
     D:2: 507 daAuts
     D:6: 152 daAuts
